 Dungeon Crawl Stone Soup version 0.24.0-13-gcf9b319 (webtiles) character file.

Game seed: 9853658141513496537, levelgen mode: deterministic

172 2bobheroes the Stinger (level 5, -7/37 HPs)
             Began as a Gnoll Wanderer on Feb 27, 2020.
             Was an Initiate of Kikubaaqudgha.
             Mangled by a mummy (16 damage)
             ... in an ossuary.
             The game lasted 00:13:25 (4290 turns).

2bobheroes the Stinger (Gnoll Wanderer)             Turns: 4290, Time: 00:13:27

Health: -7/37      AC:  3    Str: 11 (13) XL:     5   Next: 52%
Magic:  9/12       EV: 12    Int: 14 (15) God:    Kikubaaqudgha [......]
Gold:   154        SH:  0    Dex: 16      Spells: 4/14 levels left

rFire    . . .     SeeInvis .   h - -2 hand axe (curse)
rCold    . . .     Gourm    .   (no shield)
rNeg     . . .     Faith    .   d - +1 robe
rPois    .         Spirit   .   (no helmet)
rElec    .         Reflect  .   (no cloak)
rCorr    .         Harm     .   (no gloves)
MR       +....                  (no boots)
Stlth    +.........             e - amulet of the acrobat
HPRegen  0.12/turn              l - ring of protection from magic
MPRegen  0.13/turn              (no ring)

@: confused
A: distributed training, fangs 1, strong nose
a: Renounce Religion


You were in an ossuary.
You worshipped Kikubaaqudgha.
Kikubaaqudgha was noncommittal.
You were hungry.

You visited 1 branch of the dungeon, and saw 5 of its levels.
You also visited: Ossuary.

You collected 154 gold pieces.

Inventory:

Hand Weapons
 a - a +0 dagger
 g - a +0 hunting sling
 h - a cursed -2 hand axe (weapon)
 n - a +0 rapier
 q - a cursed +0 war axe
 s - a +2 dagger of venom
Missiles
 c - 71 stones
 k - 7 poisoned darts (quivered)
Armour
 d - a +1 robe (worn)
 r - a +0 ring mail
Jewellery
 e - an amulet of the acrobat (around neck)
 l - a ring of protection from magic (left hand)
Comestibles
 f - 4 rations
 o - 3 chunks of flesh


   Skills:
 + Level 1.5 Fighting
 + Level 1.5 Short Blades
 + Level 1.5 Long Blades
 + Level 1.5 Axes
 + Level 1.5 Maces & Flails
 + Level 1.5 Polearms
 + Level 1.5 Staves
 + Level 1.5 Slings
 + Level 1.5 Bows
 + Level 1.5 Crossbows
 + Level 4.8 Throwing
 + Level 1.5 Armour
 + Level 1.5 Dodging
 + Level 1.5 Stealth
 + Level 1.5 Shields
 + Level 1.5 Unarmed Combat
 + Level 5.2 Spellcasting
 + Level 1.2 Conjurations
 + Level 1.2 Hexes
 + Level 1.2 Charms
 + Level 5.5 Summonings
 + Level 1.2 Necromancy
 + Level 1.2 Translocations
 + Level 1.2 Transmutations
 + Level 1.2 Fire Magic
 + Level 1.2 Ice Magic
 + Level 1.2 Air Magic
 + Level 1.2 Earth Magic
 + Level 5.5 Poison Magic
 + Level 1.7 Invocations
 + Level 1.5 Evocations


You had 4 spell levels left.
You knew the following spells:

 Your Spells              Type           Power        Failure   Level  Hunger
a - Blink                 Tloc           N/A          16%         2    ##.....
b - Slow                  Hex            #.......     16%         2    ##.....
c - Mephitic Cloud        Conj/Pois/Air  ##......     17%         3    ###....
d - Conjure Flame         Conj/Fire      #.......     30%         3    ###....

Your spell library contained the following spells:

 Spells                   Type           Power        Failure   Level  Hunger
 Summon Small Mammal      Summ           ###.         1%          1    None
 Call Imp                 Summ           ###.....     2%          2    ##.....
 Call Canine Familiar     Summ           ###.....     5%          3    ###....
 Magic Dart               Conj           #...         11%         1    None


Dungeon Overview and Level Annotations

Branches:
Dungeon (5/15)            Ossuary (1/1)
 Temple: D:4-7

Altars:
Kikubaaqudgha
Ru
Sif Muna
Vehumet

Shops:
D:4 [


Innate Abilities, Weirdness & Mutations

Your experience applies equally to all skills.
You have very sharp teeth.
Your uncanny sense of smell can sniff out nearby items.


Message History

The centaur zombie hits you.
* * * LOW HITPOINT WARNING * * *
It was a potion of cancellation.
Your magical effects are unravelling.
You feel magically purged.
You feel yourself slow down.
You float gracefully downwards.
The sentinel's mark upon you fades away.
The centaur zombie is engulfed in blazing flames.
The centaur zombie hits you.
* * * LOW HITPOINT WARNING * * *
The centaur zombie misses you.
It was a potion of ambrosia.
You are confused.
You feel invigorated.
The centaur zombie is engulfed in blazing flames.
The centaur zombie hits you but does no damage.
The centaur zombie closely misses you. The mummy hits you!
You die...
Kikubaaqudgha rasps: "You have failed me!
Welcome... death!"

#...^^..#
##.....##
#.......#
##.....##
#.......#
##^...Z##
#....ZZZ#
##.^.ZZ##
#..^.MZ@#
##...MM##
#^....#
#?.....!
#!.....?#
#?.....?#
#?.....!#
##.....


You could see 3 mummies, 3 hobgoblin zombies, a big kobold zombie and 2 centaur
zombies.

Vanquished Creatures
  A bullfrog (D:2)
  An orc wizard (D:5)
  2 adders (D:2)
  An ooze (D:1)
  2 worms (D:2)
  2 dart slugs
  A leopard gecko (D:2)
  3 orcs (D:5)
  2 ball pythons (D:1)
  3 bats
  A giant cockroach (D:1)
  3 goblins
  6 hobgoblins
  6 jackals (D:2)
  3 frilled lizards
  A goblin zombie (D:4)
  2 kobolds (D:2)
  6 rats (D:1)
  A rat zombie (D:4)
47 creatures vanquished.

Vanquished Creatures (others)
  A fungus (D:2)
1 creature vanquished.

Grand Total: 48 creatures vanquished

Notes
Turn   | Place    | Note
-------+----------+-------------------------------------------
     0 | D:1      | 2bobheroes the Gnoll Wanderer began the quest for the Orb.
     0 | D:1      | 2bobheroes set off with the following items: a +0 dagger, a
                  | potion of curing, a +0 robe, a ration; and the following
                  | spells available to memorise: Summon Small Mammal, Call
                  | Imp, Call Canine Familiar, Magic Dart, Mephitic Cloud,
                  | Blink, Slow, Conjure Flame
     0 | D:1      | Reached XP level 1. HP: 13/13 MP: 6/6
   286 | D:1      | Reached XP level 2. HP: 7/19 MP: 7/7
  1379 | D:1      | Reached XP level 3. HP: 8/25 MP: 9/9
  1741 | D:1      | Reached skill level 5 in Spellcasting
  1762 | D:1      | Learned a level 2 spell: Blink
  1765 | D:1      | Learned a level 2 spell: Slow
  1769 | D:1      | Learned a level 3 spell: Mephitic Cloud
  1773 | D:1      | Learned a level 3 spell: Conjure Flame
  1919 | D:2      | Found an ancient bone altar of Kikubaaqudgha.
  2205 | D:2      | Found a radiant altar of Vehumet.
  2207 | D:2      | Identified Vehumet's Guide on Attacks
  2211 | D:2      | Found a shimmering blue altar of Sif Muna.
  2218 | D:2      | Became a worshipper of Kikubaaqudgha
  2396 | D:2      | Reached skill level 1 in Invocations
  2914 | D:2      | Noticed a bullfrog
  2952 | D:2      | Killed a bullfrog
  2952 | D:2      | Reached skill level 1 in Fighting
  2952 | D:2      | Reached skill level 1 in Short Blades
  2952 | D:2      | Reached skill level 1 in Long Blades
  2952 | D:2      | Reached skill level 1 in Axes
  2952 | D:2      | Reached skill level 1 in Maces & Flails
  2952 | D:2      | Reached skill level 1 in Polearms
  2952 | D:2      | Reached skill level 1 in Staves
  2952 | D:2      | Reached skill level 1 in Slings
  2952 | D:2      | Reached skill level 1 in Bows
  2952 | D:2      | Reached skill level 1 in Crossbows
  2952 | D:2      | Reached skill level 1 in Armour
  2952 | D:2      | Reached skill level 1 in Dodging
  2952 | D:2      | Reached skill level 1 in Stealth
  2952 | D:2      | Reached skill level 1 in Shields
  2952 | D:2      | Reached skill level 1 in Unarmed Combat
  2952 | D:2      | Reached skill level 1 in Conjurations
  2952 | D:2      | Reached skill level 1 in Hexes
  2952 | D:2      | Reached skill level 1 in Charms
  2952 | D:2      | Reached skill level 1 in Necromancy
  2952 | D:2      | Reached skill level 1 in Translocations
  2952 | D:2      | Reached skill level 1 in Transmutations
  2952 | D:2      | Reached skill level 1 in Fire Magic
  2952 | D:2      | Reached skill level 1 in Ice Magic
  2952 | D:2      | Reached skill level 1 in Air Magic
  2952 | D:2      | Reached skill level 1 in Earth Magic
  2952 | D:2      | Reached skill level 1 in Evocations
  2952 | D:2      | Reached XP level 4. HP: 8/32 MP: 3/11
  3272 | D:2      | Reached XP level 5. HP: 37/37 MP: 12/12
  3911 | D:2      | Found a sacrificial altar of Ru.
  3995 | D:3      | You fall into a shaft and drop 2 floors!
  3995 | D:5      | Entered Level 5 of the Dungeon
  4227 | D:4      | Found Migotos's Antique Armour Emporium.
  4242 | D:4      | Found a sand-covered staircase.
  4269 | Ossuary  | Entered an ossuary
  4290 | Ossuary  | Mangled by a mummy

Levels and vault maps discovered:
D:1:      eino_arrival_water_cross, layout_loops_ring
D:2:      layout_loops_corners, grunt_temple_overflow_magic_moments,
          nicolae_ru_the_path_less_chosen
D:3:      layout_basic
D:4:      layout_basic, dancing_weapons_uskayaw, serial_shops,
          nicolae_shop_crystal, enter_ossuary_4, uniq_grinder, uniq_robin,
          uniq_duvessa
D:5:      layout_basic, chequers_temple_overflow_minitemple, first_ration,
          nicolae_elemental_shop, minmay_manual_mullet
Ossuary:  ossuary_the_hunt_dpeg

Skill      XL: |  1  2  3 |
---------------+----------+-----
Spellcasting   | 5 |  5.2
Invocations    | 1 |  1.7
Fighting       | 1 |  1.5
Short Blades   | 1 |  1.5
Long Blades    | 1 |  1.5
Axes           | 1 |  1.5
Maces & Flails | 1 |  1.5
Polearms       | 1 |  1.5
Staves         | 1 |  1.5
Slings         | 1 |  1.5
Bows           | 1 |  1.5
Crossbows      | 1 |  1.5
Armour         | 1 |  1.5
Dodging        | 1 |  1.5
Stealth        | 1 |  1.5
Shields        | 1 |  1.5
Unarmed Combat | 1 |  1.5
Conjurations   | 1 |  1.2
Hexes          | 1 |  1.2
Charms         | 1 |  1.2
Necromancy     | 1 |  1.2
Translocations | 1 |  1.2
Transmutations | 1 |  1.2
Fire Magic     | 1 |  1.2
Ice Magic      | 1 |  1.2
Air Magic      | 1 |  1.2
Earth Magic    | 1 |  1.2
Evocations     | 1 |  1.5
Throwing       | |  4.8
Summonings     | |  5.5
Poison Magic   | |  5.5

Action                   |  1- 3 |  4- 6 || total
-------------------------+-------+-------++-------
Melee: Dagger            |    53 |       ||    53
       Bite              |    20 |     7 ||    27
       Hand axe          |   123 |    46 ||   169
       Punch             |     1 |     1 ||     2
 Fire: Hunting sling     |     1 |       ||     1
Throw: Stone             |    33 |    13 ||    46
       Dart              |     8 |    21 ||    29
 Cast: Blink             |     2 |     2 ||     4
       Slow              |     1 |       ||     1
       Conjure Flame     |       |     1 ||     1
  Use: Scroll            |     2 |       ||     2
       Potion            |     2 |     5 ||     7
 Stab: Sleeping          |     4 |     1 ||     5
  Eat: Chunk             |     6 |     1 ||     7
       Ration            |       |     1 ||     1
Armor: Robe              |    51 |    15 ||    66
Dodge: Dodged            |   156 |    58 ||   214
